cohdb
Replays
Latest Replays
All Replays
Popular Replays
Top Player Replays
Match Explorer
How It Works
Community
CoH3 Stats
Reddit
Sign in to upload your games and track your stats! →
Sign in with Steam
Match 44753706
Unlisted
Match 44753706
Overview
Messages
Build Orders
End
Construct Section Command Post
Dingo Light Scout Car
Infantry Section
Infantry Section
Construct Platoon Command Post
Vickers Machine Gun Team
Humber Armored Car
CMP 15cwt Truck
Selects Heavy Armor Battlegroup
Selects Engineer Detachments
Royal Engineer Section
Grenade Package
ML 3-inch Mortar Team
Selects Light Vehicle Withdraw and Refit
Selects UNKNOWN (202330)
978730789
电脑玩家崔佛
Bennyboi
3366767923
백은
nc.SleepyJett
MILK W/NO DATE ON IT
philipp-beelitz
0
0
Comments
sign in to comment!
No comments posted yet!